Map: Ruins of Endion

Players

IIIIIIIIIIII - Winner!

  • Race: Protoss Protoss
  • League: Master

Miszu

  • Race: Terran Terran
  • League: Master

VOD

Have the link to the VOD?

Description

Time

  • Played on: April 9, 2016, 6:07 p.m.
  • Length: 18:23
Show
View Real Time Build Order
Export as new Build Order

IIIIIIIIIIII Protoss - Winner!

Build Orders: 1 Gate Expand, Oracle Opening 

Get SALT Encoding   

  12  0:01  Probe (Chrono Boost)  
  13  0:11  Probe (Chrono Boost)  
  14  0:17  Pylon  
  14  0:22  Probe (Chrono Boost)  
  15  0:36  Gateway, Probe (Chrono Boost)  
  16  0:44  Assimilator  
  16  0:46  Probe (Chrono Boost)  
  18  0:57  Probe (Chrono Boost)  
  18  1:07  Probe (Chrono Boost)  
  19  1:19  Nexus  
  19  1:24  Probe (Chrono Boost)  
  20  1:33  Cybernetics Core  
  20  1:37  Probe (Chrono Boost)  
  21  1:42  Assimilator  
  21  1:47  Probe (Chrono Boost)  
  21  1:52  Pylon  
  22  1:58  Probe (Chrono Boost)  
  23  2:10  Probe (Chrono Boost)  
  23  2:14  Stargate  
  24  2:18  Adept  
  24  2:21  Probe (Chrono Boost)  
  27  2:26  Warp Gate  
  27  2:31  Probe (Chrono Boost)  
  27  2:32  Probe (Chrono Boost)  
  27  2:36  Pylon  
  29  2:42  Probe x2 (Chrono Boost)  
  31  2:52  Probe x2 (Chrono Boost)  
  33  2:58  Oracle (Chrono Boost)  
  33  3:02  Probe  
  33  3:03  Probe  
  38  3:12  Probe  
  38  3:15  Probe  
  40  3:21  Pylon  
  40  3:24  Probe (Chrono Boost)  
  40  3:26  Forge, Twilight Council  
  41  3:27  Probe (Chrono Boost)  
  42  3:35  Probe (Chrono Boost)  
  42  3:38  Probe (Chrono Boost)  
  44  3:46  Probe (Chrono Boost)  
  45  3:53  Probe (Chrono Boost)  
  41  3:56  Protoss Ground Weapons Level 1  
  41  4:00  Mothership Core (Chrono Boost)  
  41  4:01  Stalker  
  45  4:03  Probe (Chrono Boost)  
  45  4:06  Nexus  
  46  4:10  Pylon  
  46  4:14  Probe (Chrono Boost)  
  46  4:16  Assimilator  
  47  4:17  Assimilator  
  47  4:18  Probe (Chrono Boost)  
  47  4:21  Blink (Chrono Boost)  
  48  4:24  Probe (Chrono Boost)  
  48  4:28  Probe (Chrono Boost)  
  48  4:29  Pylon  
  50  4:35  Probe (Chrono Boost)  
  51  4:39  Probe (Chrono Boost)  
  51  4:45  Robotics Facility, Probe (Chrono Boost)  
  53  4:49  Pylon, Probe (Chrono Boost)  
  53  4:50  Gateway  
  54  4:53  Gateway  
  54  4:56  Probe (Chrono Boost)  
  55  5:00  Probe  
  55  5:06  Gateway  
  56  5:07  Probe  
  56  5:08  Gateway  
  56  5:11  Gateway, Pylon  
  56  5:12  Probe  
  58  5:17  Pylon, Probe  
  58  5:19  Probe  
  60  5:24  Probe  
  60  5:28  Probe  
  61  5:32  Probe  
  61  5:34  Pylon  
  61  5:35  Protoss Ground Armor Level 1  
  63  5:36  Probe  
  63  5:39  Observer (Chrono Boost)  
  63  5:40  Probe  
  66  5:44  Probe  
  66  5:48  Pylon, Probe  
  68  5:51  Sentry x2  
  68  5:52  Stalker, Probe  
  68  5:56  Probe  
  76  5:57  Assimilator  
  76  5:58  Pylon  
  76  5:59  Observer (Chrono Boost)  
  76  6:00  Probe  
  76  6:01  Assimilator  
  76  6:04  Gateway, Probe  
  78  6:05  Gateway  
  78  6:08  Probe  
  78  6:10  Pylon  
  80  6:18  Immortal (Chrono Boost)  
  84  6:21  Pylon  
  84  6:25  Pylon  
  84  6:30  Stalker x5  
  84  6:31  Resonating Glaives  
  84  6:32  Stalker  
  96  6:38  Photon Cannon  
  96  6:41  Pylon  
  96  6:48  Pylon  
  96  6:51  Warp Prism (Chrono Boost)  
  96  6:52  Pylon  
  98  7:08  Adept x5, Templar Archives  
  102  7:09  Adept  
  102  7:12  Adept x2  
  114  7:15  Pylon  
  118  7:23  Immortal (Chrono Boost)  
  118  7:37  Fleet Beacon  
  118  7:39  Stargate  
  118  7:41  Adept  
  118  7:42  Adept x6  
  132  7:44  Adept  
  134  8:01  Immortal (Chrono Boost)  
  138  8:17  Stalker x5  
  138  8:18  Stalker x3  
  150  8:21  Tempest (Chrono Boost), Protoss Ground Weapons Level 2  
  134  8:40  Stalker x2  
  134  8:41  Stalker x5  
  132  8:45  Adept  
  104  9:05  Adept x5  
  104  9:06  Adept x3  
  100  9:30  Adept  
  100  9:31  Adept x7  
  106  9:41  Tempest x2  
  106  9:48  Immortal (Chrono Boost)  
  86  10:07  Adept x4  
  86  10:08  Adept x4  
  102  10:22  Tempest x2  
  114  10:28  Immortal (Chrono Boost)  
  98  10:37  Adept  
  98  10:38  Adept x4  
  106  11:01  Tempest  
  106  11:02  Tempest  
  110  11:04  Immortal (Chrono Boost)  
  110  11:05  Protoss Ground Armor Level 2  
  116  11:24  Sentry  
  118  11:26  Adept x7  
  130  11:42  Immortal (Chrono Boost)  
  134  11:50  Stalker x3  
  134  11:51  Stalker x3  
  142  12:02  Stalker x2  
  136  12:17  Warp Prism (Chrono Boost)  
  138  12:22  Stalker x2  
  138  12:23  Stalker x3  
  148  12:38  Nexus  
  148  12:51  Templar Archives  
  148  13:05  Observer (Chrono Boost)  
  149  13:07  Adept x3  
  149  13:08  Adept x2  
  159  13:18  Adept x2  
  159  13:19  Adept  
  109  13:44  Immortal (Chrono Boost)  
  107  13:52  Probe  
  107  13:53  Assimilator  
  107  13:54  Probe x2  
  108  13:56  High Templar x3  
  108  13:57  High Templar, Sentry  
  108  13:58  High Templar x2, Assimilator  
  108  14:02  Archon x3  
  122  14:04  Stalker  
  112  14:19  Immortal (Chrono Boost)  
  116  14:29  Adept x2  
  116  14:30  Adept x2, Sentry  
  126  14:31  Stalker x2  
  114  14:46  Tempest x2  
  118  14:53  Warp Prism (Chrono Boost)  
  120  15:10  Sentry, Stalker  
  120  15:11  Stalker x3  
  120  15:13  Adept x2  
  134  15:14  Adept  
  116  15:32  Immortal (Chrono Boost)  
  120  15:37  Adept x5  
  120  15:39  Adept  
  132  16:07  Immortal (Chrono Boost)  
  110  16:23  Adept x3  
  110  16:24  Adept, Sentry  
  110  16:25  High Templar x2, Stalker  
  116  16:30  Archon  
  110  16:41  Immortal (Chrono Boost)  
  110  16:43  Tempest x2  
  114  16:51  Stalker  
  114  16:52  Stalker  
  114  17:09  Stalker x3  
  114  17:12  Sentry  
  122  17:27  Immortal (Chrono Boost)  
  126  17:43  Adept x3  
  132  17:46  Adept  
  130  17:55  Adept x2  
  132  18:01  High Templar  
  132  18:02  High Templar  
  136  18:06  Archon  
Show
View Real Time Build Order
Export as new Build Order

Miszu Terran 

Build Orders: Command Center First (CC), MMM Bio 

Get SALT Encoding   

  12  0:00  SCV  
  13  0:12  SCV  
  14  0:17  Supply Depot  
  14  0:24  SCV  
  15  0:39  SCV  
  16  0:51  SCV  
  17  1:03  SCV  
  18  1:10  Command Center  
  18  1:15  SCV  
  18  1:17  Barracks  
  19  1:27  SCV  
  19  1:30  Barracks  
  20  1:39  SCV  
  21  1:45  Barracks  
  21  1:51  SCV  
  22  2:04  Orbital Command  
  22  2:05  Marine  
  23  2:21  Marine  
  23  2:22  Orbital Command  
  24  2:23  Marine  
  25  2:33  SCV  
  25  2:36  Marine  
  27  2:37  Refinery x2  
  27  2:39  Marine  
  27  2:43  Marine  
  29  2:45  SCV  
  29  2:47  SCV  
  31  2:52  Supply Depot  
  31  2:54  Marine  
  31  2:57  Marine, SCV  
  34  2:59  SCV  
  34  3:01  Marine  
  36  3:09  SCV  
  36  3:12  Barracks Tech Lab  
  37  3:14  Marine, SCV  
  37  3:16  Supply Depot  
  37  3:18  Marine  
  40  3:21  SCV  
  40  3:26  SCV  
  42  3:32  Marine x2  
  42  3:33  SCV  
  42  3:34  Stimpack  
  45  3:38  SCV  
  46  3:44  Marine  
  46  3:45  SCV  
  45  3:50  Marine  
  45  3:51  SCV  
  44  3:58  SCV  
  44  3:59  Marine  
  44  4:02  Marine  
  47  4:03  SCV  
  47  4:04  Engineering Bay  
  47  4:08  Marine  
  49  4:10  SCV  
  49  4:15  Refinery, SCV  
  51  4:17  Supply Depot  
  51  4:18  Marine  
  51  4:22  SCV  
  54  4:32  Terran Infantry Weapons Level 1  
  54  4:38  Marine x2, SCV  
  54  4:39  Factory, SCV  
  54  4:40  Marine  
  54  4:45  Missile Turret  
  58  4:47  Supply Depot  
  58  4:50  SCV, Missile Turret  
  58  4:51  SCV  
  60  5:02  SCV  
  60  5:03  SCV  
  60  5:05  Barracks Reactor, Barracks Tech Lab  
  62  5:10  Command Center  
  62  5:14  SCV  
  62  5:15  Refinery, SCV  
  62  5:16  Marauder  
  62  5:19  Supply Depot  
  66  5:25  Starport  
  66  5:26  SCV, Factory Reactor  
  66  5:27  SCV  
  68  5:34  Marine  
  69  5:38  SCV  
  69  5:41  SCV  
  71  5:42  Supply Depot  
  71  5:50  SCV  
  71  5:51  Liberator  
  71  5:52  Barracks x2, Liberator  
  71  5:53  SCV  
  73  5:59  Supply Depot  
  73  6:03  SCV  
  74  6:05  SCV  
  74  6:07  Marauder x2  
  74  6:11  Combat Shields, Concussive Shells  
  85  6:15  SCV  
  85  6:16  Supply Depot  
  86  6:20  SCV  
  86  6:23  Orbital Command  
  87  6:27  SCV  
  87  6:31  Marauder  
  87  6:32  Marauder  
  92  6:33  SCV, Missile Turret  
  92  6:39  Terran Infantry Armor Level 1, SCV  
  94  6:40  Barracks Reactor, Barracks Tech Lab  
  94  6:44  Engineering Bay  
  94  6:45  SCV  
  94  6:46  Armory  
  95  6:49  SCV  
  95  6:51  SCV  
  95  6:54  Marauder  
  99  6:57  SCV  
  99  6:59  Medivac x2  
  108  7:01  Marauder x2  
  108  7:02  SCV  
  108  7:03  SCV  
  108  7:05  Supply Depot  
  108  7:08  Supply Depot  
  110  7:17  Marine x3, Marauder  
  110  7:22  Marauder  
  117  7:27  SCV  
  117  7:29  Medivac x2  
  122  7:30  SCV  
  122  7:32  Refinery  
  122  7:33  Refinery  
  123  7:38  Marauder  
  123  7:39  Marauder  
  123  7:40  Marine x2  
  123  7:42  Terran Infantry Weapons Level 2  
  123  7:44  Marauder  
  131  7:46  Supply Depot  
  131  7:47  Supply Depot x2  
  127  7:58  Liberator  
  125  8:04  Marauder x2  
  125  8:05  Marauder  
  129  8:09  Marine  
  129  8:12  Marine x3  
  130  8:18  SCV x2  
  136  8:25  Marauder x2  
  136  8:26  Marauder  
  141  8:27  Marine  
  141  8:29  Marine  
  141  8:33  Marine  
  141  8:34  Marine  
  138  8:38  Liberator  
  138  8:40  Liberator  
  123  8:45  Marine  
  123  8:46  Marine, Marauder  
  123  8:47  Marine x2  
  119  8:51  Marine x2  
  107  9:02  Marine  
  107  9:04  Marine  
  107  9:05  Marine  
  107  9:06  Marauder  
  107  9:08  Marauder  
  107  9:09  Marine x2  
  108  9:20  Marine  
  108  9:21  Liberator  
  108  9:22  Marine  
  108  9:23  Marine  
  95  9:26  Marine  
  95  9:27  Marine, Marauder  
  95  9:29  Marauder  
  89  9:34  SCV  
  89  9:38  Marine  
  93  9:40  Marauder  
  93  9:41  Marine  
  93  9:44  Marine  
  93  9:48  Marine, Marauder, SCV  
  93  9:51  Marauder  
  92  9:55  Liberator  
  88  10:01  Marauder  
  88  10:04  Marine  
  88  10:05  SCV x3  
  88  10:06  Marine x3  
  90  10:10  Marauder  
  90  10:12  Marauder  
  97  10:19  Liberator  
  93  10:22  Marine  
  93  10:23  Marauder  
  93  10:24  Marine  
  86  10:37  Marine x2, Marauder  
  93  10:51  Marine, Marauder  
  93  10:54  SCV  
  93  10:56  SCV x2  
  94  11:05  Marine x2  
  94  11:06  SCV  
  94  11:08  SCV x2  
  99  11:18  SCV  
  99  11:21  Marine  
  99  11:22  Marine x5  
  99  11:23  Marine  
  107  11:26  SCV x2  
  107  11:30  SCV  
  110  11:39  Marine  
  111  11:40  Terran Infantry Weapons Level 3, Marine x3  
  111  11:42  Marine x3  
  111  11:46  SCV  
  118  11:57  Marine  
  118  12:00  Marine x5  
  115  12:04  Marine  
  105  12:09  SCV x3  
  105  12:15  Marine  
  106  12:17  Marine  
  106  12:18  Marine x4, Medivac x2  
  106  12:21  SCV x2  
  106  12:22  Marine, Barracks x2  
  112  12:33  Marine  
  112  12:35  Marine  
  112  12:36  Marine x4  
  116  12:40  Marine  
  116  12:48  Medivac x2  
  116  12:51  Marine  
  121  12:53  Marine  
  121  12:54  Marine x4  
  121  12:58  Marine  
  127  12:59  Supply Depot  
  127  13:00  Supply Depot  
  125  13:08  Marine  
  125  13:11  Marine x5  
  126  13:18  Marine, Medivac x2  
  106  13:26  Marine  
  90  13:29  Marine x5  
  82  13:35  Marine  
  74  13:44  Marine  
  74  13:47  Marine x5  
  68  13:53  Marine  
  68  13:54  Medivac x2  
  73  13:59  SCV x3  
  73  14:02  Marine  
  77  14:04  Marine  
  77  14:05  Marine x4  
  72  14:11  Marine, SCV  
  68  14:20  Marine  
  68  14:22  Marine  
  68  14:23  Marine x4  
  74  14:24  Medivac  
  74  14:29  Marine  
  77  14:37  Marine  
  70  14:40  Marine x3  
  70  14:41  Marine x2  
  56  14:47  Marine, Medivac  
  57  14:53  SCV  
  57  14:55  Marine  
  57  14:58  Marine x5  
  57  14:59  Barracks  
  64  15:00  Barracks, Widow Mine  
  64  15:04  Marine  
  67  15:13  Marine  
  68  15:16  Marine x5  
  62  15:22  Marine  
  57  15:28  Widow Mine  
  57  15:31  Marine  
  57  15:33  Marine  
  57  15:34  Marine x2  
  57  15:35  Marauder x2, Orbital Command  
  67  15:40  Marine  
  68  15:49  Marine  
  69  15:50  Marine x2  
  69  15:51  Marine  
  69  15:52  Marine x2  
  69  15:55  Marine x2  
  76  15:58  Marine  
  77  16:05  Orbital Command  
  77  16:06  Marine  
  77  16:07  Marine  
  77  16:08  Marine  
  77  16:09  Marine x3  
  74  16:13  Marine x2  
  74  16:16  Marine  
  66  16:24  Marine  
  62  16:25  Marine x2  
  62  16:27  Marine x3  
  62  16:31  Marine x2  
  62  16:34  Marine  
  62  16:36  SCV  
  64  16:42  Marine  
  64  16:44  Marine  
  64  16:45  Marine x3  
  69  16:50  Marine  
  69  16:53  SCV x2  
  69  16:54  SCV  
  67  17:08  Marine  
  56  17:09  Marine  
  56  17:10  Marine  
  56  17:11  Marine x6  
  63  17:19  Medivac  
  64  17:26  Marine  
  64  17:27  Marine  
  64  17:28  Marine  
  64  17:29  Marine x6  
  72  17:44  Marine  
  73  17:45  Marine  
  73  17:46  Marine x5  
  73  17:47  Marine x2  
  66  18:01  Marine  
  66  18:03  Marine  
  66  18:04  Marine x7  
Tags
 
Add a new tag
Caveats
  • Supply blocks, unpowered buildings, or Contaminate may cause inaccurate times.
  • Supply counts are checked every 10 seconds.